 Dungeon Crawl Stone Soup version 0.32-a0-22-g6ae6769602 (webtiles) character file.

Game seed: 9895215975258428920

62258 anacleto the Metamorph (level 14, -1/205 HPs)
             Began as a Troll Shapeshifter on Jan 19, 2024.
             Was a High Priest of Qazlal.
             Slain by Agnes
             ... wielding a +1 spectral lajatang
              (13 damage)
             ... on level 15 of the Dungeon.
             The game lasted 00:57:56 (18697 turns).

anacleto the Metamorph (Troll Shapeshifter)        Turns: 18697, Time: 00:57:56

Health: -1/205     AC: 30    Str: 36    XL:     14   Next: 63%
Magic:  17/17      EV:  1    Int: 11    God:    Qazlal [*****.]
Gold:   1950       SH: 12    Dex:  9    Spells: 13/13 levels left

rFire   . .          .
                       - Unarmed
rCold   . . .        (no shield)
rNeg    . . .        Q - melded +0 acid dragon scales
rPois   +            (helmet currently unavailable)
rElec   .            (cloak currently unavailable)
rCorr   .            (gloves unavailable)
SInv    .            (boots unavailable)
Will    ++...        e - amulet of Pietuikuto {Reflect ^Fragile Str+7 Int+5 SH+5}
Stlth   +            x - ring of flight
HPRegen 1.34/turn    z - ring of willpower
MPRegen 0.15/turn

%: repel missiles, reflection
@: tree-form, protected from physical damage
A: stationary, stasis, torment immunity, boosted hp, large, unfitting armour,
(claws 3), regeneration 1, (shaggy fur 1), (tough skin 1), evolution 2
a: Renounce Religion, Upheaval, Elemental Force, Disaster Area


You were on level 15 of the Dungeon.
You worshipped Qazlal.
Qazlal was extremely pleased with you.
You were a tree.
You visited 4 branches of the dungeon, and saw 19 of its levels.
You visited 1 bazaar.

You collected 2706 gold pieces.
You spent 756 gold pieces at shops.

Inventory:

Missiles
 a - 3 darts of dispersal
 f - 63 poisoned darts (quivered)
 q - 12 atropa-tipped darts
 E - 15 boomerangs
 O - a throwing net
Armour
 Q - +0 acid dragon scales (melded)
Jewellery
 e - the amulet of Pietuikuto (around neck) {Reflect ^Fragile Str+7 Int+5 SH+5}
   (You bought it in a shop in a bazaar)

   [amulet of reflection]

   Reflect:   It reflects blocked missile attacks.
   Str+7:     It affects your strength (+7).
   Int+5:     It affects your intelligence (+5).
   ^Fragile:  It will be destroyed if unequipped.
   SH+5:      It affects your SH (+5).
 o - a ring of resist corrosion
 x - a ring of flight (left branch)
 z - a ring of willpower (right branch)
 H - a ring of positive energy
 K - a +4 ring of protection
Talismans
 c - a beast talisman
 d - a flux talisman
 l - a serpent talisman (active)
Wands
 k - a wand of paralysis (35)
 n - a wand of flame (40)
 B - a wand of light (10)
 G - a wand of mindburst (13)
Scrolls
 h - 10 scrolls of teleportation
 j - 2 scrolls of identify
 r - 8 scrolls of fog
 s - 2 scrolls of fear
 u - 4 scrolls of noise
 w - 3 scrolls of amnesia
 y - a scroll of revelation
 A - 2 scrolls of blinking
 C - a scroll of brand weapon
 D - a scroll of vulnerability
 F - 2 scrolls of torment
 I - a scroll of poison
 L - 4 scrolls of enchant armour
Potions
 b - a potion of lignification
 g - a potion of degeneration {unknown}
 i - 3 potions of enlightenment
 m - a potion of might
 p - 2 potions of curing
 t - 2 potions of attraction
 v - 4 potions of magic
 J - a potion of mutation
 P - 2 potions of brilliance
Miscellaneous
 M - a sack of spiders


   Skills:
 + Level 8.5 Fighting
 + Level 9.2 Throwing
 + Level 8.4 Dodging
 + Level 10.3 Unarmed Combat
 + Level 6.4 Invocations
 * Level 15.1 Shapeshifting


You had 13 spell levels left.
You didn't know any spells.
Your spell library contained the following spells:

 Spells                   Type           Power      Damage    Failure   Level
 Foxfire                  Conj/Fire      0%         2x1d4     34%         1
 Blink                    Tloc           0%         N/A       47%         2
 Lesser Beckoning         Tloc           0%         N/A       47%         2
 Momentum Strike          Conj/Tloc      0%         3d8       47%         2
 Sublimation of Blood     Necr           0%         N/A       47%         2
 Call Canine Familiar     Summ           0%         N/A       71%         3
 Gell's Gravitas          Tloc           0%         N/A       71%         3
 Hailstorm                Conj/Ice       0%         3d5       71%         3
 Sigil of Binding         Hex            0%         N/A       71%         3
 Summon Ice Beast         Ice/Summ       0%         N/A       71%         3
 Animate Dead             Necr           0%         N/A       98%         4
 Dimensional Bullseye     Hex/Tloc       0%         N/A       98%         4
 Iskenderun's Mystic Bla  Conj/Tloc      0%         2d3       98%         4
 Martyr's Knell           Necr/Summ      0%         N/A       98%         4
 Olgreb's Toxic Radiance  Alch           0%         N/A       98%         4
 Passage of Golubria      Tloc           0%         N/A       98%         4
 Borgnjor's Vile Clutch   Necr/Erth      0%         N/A       100%        5
 Silence                  Hex/Air        0%         N/A       100%        5
 Death Channel            Necr           0%         N/A       100%        6
 Plasma Beam              Fire/Air       0%         2x1d10    100%        6
 Sculpt Simulacrum        Ice/Alch       0%         N/A       100%        6
 Starburst                Conj/Fire      0%         6d3       100%        6
 Lehudib's Crystal Spear  Conj/Erth      0%         10d2      100%        8


Dungeon Overview and Level Annotations

Branches:
Dungeon (15/15)            Temple (1/1) D:5            Lair (1/5) D:9
    Orc (2/2) D:12            Elf (0/3) Orc:2        Vaults (0/5) D:14
 Depths (0/4) D:15

Altars:
Ashenzari
Cheibriados
Dithmenos
Elyvilon
Fedhas
Gozag
Hepliaklqana
Kikubaaqudgha
Makhleb
Nemelex Xobeh
Okawaru
Qazlal
Ru
Sif Muna
Trog
Uskayaw
Vehumet
Wu Jian
Xom
Yredelemnul
Zin
The Shining One

Shops:
D:2 *   D:5 :   D:7 *   D:12 [??[   Orc:2 :*(*

Portals:
Pandemonium: Orc:2

Annotations:
D:15 Agnes


Innate Abilities, Weirdness & Mutations

You are a tree.
Your roots penetrate the ground, keeping you stationary.
You cannot be teleported.
You are immune to unholy pain and torment.
Your maximum health is greatly increased.
Your equipment is partially melded.
You are too large for most types of armour.
((You have claws for hands.))
Your natural rate of healing is unusually fast.
((You are covered in fur. (AC +1)))
((You have tough skin. (AC +1)))
You have great hidden genetic potential.


Message History

You block Agnes's attack.
Smack: -) Branches
Press: ? - help, Dir - move target, f/p - Agnes
Aim: Agnes, wielding a +1 spectral lajatang and wearing a +0 robe (severely wounded, about 59% to evade your branches)
You barely miss Agnes.
Agnes is severely wounded.
Agnes hits you with a +1 spectral lajatang.
* * * LOW HITPOINT WARNING * * *
Smack: -) Branches
Press: ? - help, Dir - move target, f/p - Agnes
Aim: Agnes, wielding a +1 spectral lajatang and wearing a +0 robe (severely wounded, about 59% to evade your branches)
You closely miss Agnes.
Agnes is severely wounded.
Agnes hits you with a +1 spectral lajatang!
* * * LOW HITPOINT WARNING * * *
You feel more protected from physical attacks.
You block Agnes's attack.
Aiming: Bolt of Light
Press: ? - help, Shift-Dir - straight line, f/p - Agnes
Aim: Agnes, wielding a +1 spectral lajatang and wearing a +0 robe (severely wounded, 38% to hit)
The bolt of light hits Agnes!
Agnes is severely wounded.
Agnes is blinded.
Agnes hits you with a +1 spectral lajatang.
* * * LOW HITPOINT WARNING * * *
You feel more protected from physical attacks.
You block Agnes's attack.
Smack: -) Branches
Press: ? - help, Dir - move target, f/p - Agnes
Aim: Agnes, wielding a +1 spectral lajatang and wearing a +0 robe (severely wounded, blind, unable to see you, about 59% to evade your branches)
You catch the helpless Agnes completely off-guard!
You pummel Agnes!!
Agnes is almost dead.
Agnes hits you with a +1 spectral lajatang!!
* * * LOW HITPOINT WARNING * * *
You feel better.
Agnes says, "You dishonour your ancestors."
Agnes hits you with a +1 spectral lajatang!
You die...
Agnes says, "May you follow the Path of Peace in your next life."

#.............<....###
#.....................
#..................###
#................)..#
#####.#####..######.##
#.# #..# #..# #.#
###..#### ##.. #.#
#.....[.# ### #♣#
#.......# # #i#
#.......# # #.#
#.......#
#.##........#
#.##........#
#.##........#
#.##........##
#.##.######..### #
#.#.. ##...###


You could see Agnes (blind, unable to see you).

Vanquished Creatures
  Rupert (Orc:1)
  Jorgrun (D:14)
  Kirke (D:14)
  A quicksilver dragon zombie (D:15)
  An entropy weaver (shapeshifter) (D:15)
  4 hydras
  2 demonspawn (Orc:2)
  5 centaur warriors
  9 two-headed ogres
  Erica (D:8)
  A boulder beetle (D:13)
  A death knight (D:15)
  An ogre mage (D:15)
  5 orc high priests (Orc:2)
  2 tengu warriors
  Urug (D:11)
  A vampire mage (D:15)
  3 skeletal warriors
  A harpy (shapeshifter) (D:14)
  A necromancer (D:14)
  7 orc knights
  A deep elf pyromancer (D:12)
  8 orc sorcerers
  A cyclops (Orc:2)
  Maurice (D:11)
  12 ugly things
  A meliai (shapeshifter) (D:14)
  2 kobold blastminers (Orc:2)
  An orange demon (Orc:2)
  A smoke demon (Orc:2)
  An ice statue (D:14)
  2 gargoyles
  An unseen horror (D:12)
  Maggie (D:6)
  Jeremiah (D:9)
  A komodo dragon (D:8)
  4 kobold demonologists
  Psyche (D:12)
  A tengu conjurer (D:13)
  3 trolls
  Grinder (D:3)
  A spriggan skeleton (D:15)
  3 wraiths
  Sigmund (D:4)
  2 wyverns (D:9)
  A basilisk (D:12)
  20 yaks
  A vampire (D:9)
  3 shadows
  5 hogs
  16 humans (D:14)
  A neqoxec (Orc:2)
  3 steam dragons
  2 wargs
  3 acid dragons
  Edmund (D:4)
  Duvessa (D:6)
  4 water moccasins
  29 orc warriors
  A sky beast (D:7)
  4 black bears
  5 centaurs
  11 ogres
  2 wolves (D:9)
  3 phantoms
  7 kobold brigands
  3 bullfrogs
  3 scorpions
  4 gnoll sergeants
  3 wights (D:9)
  Dowan (D:6)
  8 killer bees
  8 howler monkeys
  2 jellies
  4 lava snakes (D:8)
  3 hounds
  A gnoll bouda (D:6)
  25 orc priests
  An iguana (shapeshifter) (D:14)
  A sleepcap (D:6)
  An iguana (D:5)
  20 orc wizards
  9 adders
  17 gnolls
  2 shadow imps
  A white imp (D:5)
  4 ufetubi
  4 dart slugs
  4 ribbon worms
  79 orcs
  11 endoplasms
  4 goblins
  10 hobgoblins
  10 jackals
  7 quokkas
  6 ball pythons
  7 bats
  2 frilled lizards
  27 kobolds
  7 rats
524 creatures vanquished.

Vanquished Creatures (collateral kills)
  2 orc priests (Orc:2)
2 creatures vanquished.

Vanquished Creatures (others)
  An orc priest (Orc:2)
  An orc (Orc:1)
2 creatures vanquished.

Grand Total: 528 creatures vanquished

Notes
Turn   | Place    | Note
-------+----------+-------------------------------------------
     0 | D:1      | anacleto the Troll Shapeshifter began the quest for the
                  | Orb.
     0 | D:1      | Reached XP level 1. HP: 18/18 MP: 0/0
   126 | D:1      | Reached skill level 1 in Fighting
   126 | D:1      | Reached XP level 2. HP: 27/27 MP: 1/1
   817 | D:2      | Reached XP level 3. HP: 33/33 MP: 2/2
  1081 | D:2      | Reached skill level 4 in Shapeshifting
  1161 | D:2      | Found Narryd's General Store.
  1163 | D:2      | Got the Cyclopedia of Creeping Compounds
  1169 | D:2      | Bought a potion of curing for 33 gold pieces
  1169 | D:2      | Bought a scroll of identify for 22 gold pieces
  1169 | D:2      | Bought a scroll of identify for 22 gold pieces
  1169 | D:2      | Bought 2 atropa-tipped darts for 19 gold pieces
  1350 | D:2      | Reached XP level 4. HP: 41/41 MP: 3/3
  1452 | D:2      | Found a faded altar of an unknown god.
  1668 | D:3      | Found a blossoming altar of Fedhas.
  1683 | D:3      | Found a shadowy altar of Dithmenos.
  1964 | D:3      | Noticed Grinder
  1974 | D:3      | Killed Grinder
  1975 | D:3      | Reached skill level 6 in Shapeshifting
  1975 | D:3      | Reached XP level 5. HP: 11/48 MP: 4/4
  1975 | D:3      | Reached XP level 6. HP: 12/55 MP: 5/5
  2223 | D:3      | Found a bloodstained altar of Trog.
  2509 | D:3      | Found a shimmering blue altar of Sif Muna.
  2910 | D:4      | Reached skill level 7 in Shapeshifting
  2964 | D:4      | Noticed Edmund
  2979 | D:4      | Killed Edmund
  2980 | D:4      | Reached XP level 7. HP: 58/62 MP: 6/6
  3002 | D:4      | Noticed Sigmund
  3011 | D:4      | Killed Sigmund
  3046 | D:4      | Reached skill level 8 in Shapeshifting
  3369 | D:4      | You fall into a shaft and drop 2 floors!
  3378 | D:6      | Noticed Duvessa
  3379 | D:6      | Noticed Dowan
  3391 | D:6      | Killed Duvessa
  3403 | D:6      | Killed Dowan
  3404 | D:6      | Reached XP level 8. HP: 70/70 MP: 7/7
  3500 | D:5      | Entered Level 5 of the Dungeon
  3618 | D:5      | Reached skill level 1 in Throwing
  3618 | D:5      | Reached skill level 9 in Shapeshifting
  4149 | D:5      | Identified the +3 whip "Huynaqab" {holy, rPois rC+ Dex+3}
  4550 | D:5      | Found Kiypnoky's Book Boutique.
  4709 | D:5      | Found a staircase to the Ecumenical Temple.
  4715 | Temple   | Entered the Ecumenical Temple
  4731 | Temple   | Became a worshipper of Qazlal Stormbringer
  4816 | D:6      | Noticed Maggie
  4826 | D:6      | Killed Maggie
  4827 | D:6      | Reached XP level 9. HP: 18/80 MP: 8/8
  5456 | D:6      | Reached skill level 10 in Shapeshifting
  5705 | D:7      | Reached skill level 5 in Unarmed Combat
  5813 | D:7      | Found Woqat's Overcharged Wands.
  6306 | D:8      | Reached * piety under Qazlal
  6496 | D:8      | Found a radiant altar of Vehumet.
  6497 | D:8      | Noticed Erica
  6519 | D:8      | Killed Erica
  6520 | D:8      | Reached XP level 10. HP: 17/92 MP: 9/9
  7044 | D:8      | Noticed a two-headed ogre
  7053 | D:8      | Killed a two-headed ogre
  7112 | D:8      | Reached skill level 11 in Shapeshifting
  7445 | D:8      | Got Sif Muna's Teachings on Ouranomancy and the Vector
  7451 | D:8      | Noticed a centaur warrior
  7461 | D:8      | Killed a centaur warrior
  7520 | D:9      | Noticed Jeremiah
  7654 | D:9      | Killed Jeremiah
  7662 | D:9      | Reached skill level 5 in Throwing
  7702 | D:9      | Found a hide-covered altar of Uskayaw.
  7785 | D:9      | Reached skill level 5 in Dodging
  7803 | D:9      | Found an iron altar of Okawaru.
  8072 | D:9      | Reached skill level 5 in Fighting
  8074 | D:9      | Found a staircase to the Lair.
  8086 | D:9      | Reached XP level 11. HP: 102/102 MP: 10/10
  8090 | D:9      | Reached ** piety under Qazlal
  8119 | Lair:1   | Entered Level 1 of the Lair of Beasts
  8503 | D:9      | Noticed a two-headed ogre
  8512 | D:9      | Killed a two-headed ogre
  8676 | D:9      | Reached skill level 12 in Shapeshifting
  8783 | D:9      | Noticed a two-headed ogre
  8791 | D:9      | Killed a two-headed ogre
  8974 | D:10     | Entered Level 10 of the Dungeon
  9151 | D:10     | Reached *** piety under Qazlal
  9981 | D:11     | Identified the +1 scale mail of Poonas {-Cast rN+ Regen+
                  | Dex+4}
  9998 | D:11     | Reached skill level 1 in Invocations
 10167 | D:11     | Noticed a two-headed ogre
 10172 | D:11     | Killed a two-headed ogre
 10193 | D:11     | Noticed Maurice
 10210 | D:11     | Something stole a +4 ring of protection
 10212 | D:11     | Something stole a beast talisman
 10213 | D:11     | Something stole 5 boomerangs
 10217 | D:11     | Something stole 519 gold
 10220 | D:11     | Something stole 19 gold
 10222 | D:11     | Killed Maurice
 10525 | D:11     | Noticed Urug
 10535 | D:11     | Killed Urug
 10536 | D:11     | Reached XP level 12. HP: 99/114 MP: 12/12
 10650 | D:11     | Found a glowing golden altar of the Shining One.
 11083 | D:12     | Found Qomecoull's Magic Scroll Emporium.
 11091 | D:12     | Noticed Psyche
 11096 | D:12     | Killed Psyche
 11107 | D:12     | Found a flickering gateway to a bazaar.
 11113 | Bazaar   | Entered a bazaar
 11115 | Bazaar   | Found Bolapu's Book Boutique.
 11119 | Bazaar   | Found Mysotec's Jewellery Boutique.
 11119 | Bazaar   | Found Xuan's Distillery.
 11119 | Bazaar   | Found Ceg Woll's General Store.
 11141 | Bazaar   | Bought the amulet of Pietuikuto {Reflect ^Fragile Str+7
                  | Int+5 SH+5} for 396 gold pieces
 11163 | Bazaar   | Bought a potion of heal wounds for 45 gold pieces
 11163 | Bazaar   | Bought a potion of lignification for 27 gold pieces
 11163 | Bazaar   | Bought a potion of curing for 27 gold pieces
 11171 | Bazaar   | Bought a scroll of silence for 104 gold pieces
 11378 | D:12     | Found Qiext's Armour Boutique.
 11434 | D:12     | Found Otisty's Magic Scroll Shop.
 11582 | D:12     | Identified a scroll of acquirement
 11583 | D:12     | Acquired 879 gold pieces
 11606 | D:12     | Found Muumypn's Antique Armour Boutique.
 11697 | D:12     | Reached **** piety under Qazlal
 11698 | D:12     | Reached skill level 13 in Shapeshifting
 11736 | D:12     | Found a staircase to the Orcish Mines.
 12077 | D:13     | Noticed a centaur warrior
 12081 | D:13     | Killed a centaur warrior
 12151 | D:13     | Noticed a boulder beetle
 12158 | D:13     | Killed a boulder beetle
 12166 | D:13     | Noticed a five-headed hydra
 12174 | D:13     | Killed a five-headed hydra
 12274 | D:13     | Identified the +7 rapier of Dawn {flame, Will- Dex+4}
 13002 | D:13     | Noticed a six-headed hydra
 13014 | D:13     | Killed a six-headed hydra
 13109 | D:14     | Noticed a centaur warrior
 13109 | D:14     | Noticed a two-headed ogre
 13109 | D:14     | Found a gate to the Vaults.
 13112 | D:14     | Killed a two-headed ogre
 13113 | D:14     | Killed a centaur warrior
 13115 | D:14     | Reached XP level 13. HP: 86/124 MP: 13/15
 13190 | D:14     | Noticed Jorgrun
 13532 | Orc:1    | Entered Level 1 of the Orcish Mines
 13827 | Orc:1    | Reached ***** piety under Qazlal
 14064 | Orc:2    | Entered Level 2 of the Orcish Mines
 14064 | Orc:2    | Noticed Rupert
 14071 | Orc:2    | Paralysed by Rupert for 3 turns
 14117 | Orc:1    | Killed Rupert
 14324 | Orc:2    | Found a staircase to the Elven Halls.
 14682 | Orc:2    | Reached skill level 14 in Shapeshifting
 15353 | Orc:2    | Found Eblot's General Store.
 15366 | Orc:2    | Gained mutation: You have hidden genetic potential. [a
                  | neqoxec]
 15433 | Orc:2    | Found Ihatucwu's General Store.
 15597 | Orc:2    | Reached skill level 5 in Invocations
 15624 | Orc:2    | Bought a scroll of identify for 28 gold pieces
 15626 | Orc:2    | Bought a scroll of teleportation for 33 gold pieces
 15951 | Orc:2    | Found Cyugex's Antique Weapon Emporium.
 15951 | Orc:2    | Found Qocefycw's Book Shoppe.
 15951 | Orc:2    | Found a one-way gate leading to the halls of Pandemonium.
 15976 | Orc:2    | Reached XP level 14. HP: 65/135 MP: 17/17
 16488 | D:14     | Killed Jorgrun
 17275 | D:15     | Entered Level 15 of the Dungeon
 17552 | D:14     | Reached skill level 10 in Unarmed Combat
 17587 | D:15     | Found a staircase to the Depths.
 17927 | D:14     | Gained mutation: You have great hidden genetic potential.
                  | [hidden potential]
 18162 | D:15     | Noticed Kirke
 18184 | D:14     | Killed Kirke
 18185 | D:14     | Reached skill level 15 in Shapeshifting
 18677 | D:15     | Noticed Agnes
 18696 | D:15     | HP: 4/205 [Agnes/+1 spectral lajatang (18)]
 18697 | D:15     | Slain by Agnes

Illustrated notes

Levels and vault maps discovered:
D:1:      ebering_hopf_link, layout_basic
D:2:      minmay_angry_zag, layout_loops_ring, serial_shops, shop,
          shapermc_ecumenical_altar_pompeii, minmay_pentomino_u4
D:3:      layout_loops_corners, lemuel_coloured_pillars_altar,
          amethyst_overflow_temple_binary, trog_book,
          minmay_fractal_squares_gapless_5, uniq_grinder
D:4:      minmay_skewed_foursquare, layout_loops_corners, grunt_ministairs_11,
          minmay_misc_feat_x, sigmund_edmund_badplayer
D:5:      layout_loops_cross, minmay_temple_entry_enclosed_plants, serial_shops,
          shop_statue
D:6:      layout_loops_cross, uniq_maggie, uniq_duvessa
D:7:      layout_loops_ring, nicolae_shop_overcharged_wands
D:8:      layout_cave_pools, mainiacjoe_overflow_concentric_impassable,
          chequers_serial_rivers_room_b, kennysheep_cluttered_room,
          minmay_diamond_spiral, uniq_erica
D:9:      layout_stronghold, old_standard_altar, kennysheep_little_box,
          erik_lair_orcish_takeover, kennysheep_generic_room_2, uniq_jeremiah
D:10:     layout_roguey
D:11:     layout_stronghold, tso_metal_star, uniq_maurice, uniq_urug
D:12:     layout_irregular_city, hiddenorc1_lemuel, serial_shops,
          bzr_entry_safe, shop, nicolae_shop_tiny_glass, nicolae_stop_n_shop_1,
          kennysheep_mini_moat, uniq_psyche
D:13:     layout_loops_corners
D:14:     lemuel_ice_statue, layout_small_grid, david_vaults_3,
          corexii_corridor_pit, uniq_jorgrun
D:15:     gammafunk_depths_entry_grave, layout_rooms, minmay_crystal_water,
          uniq_kirke, uniq_agnes
Temple:   hellmonk_temple_two_chambers
Lair:1:   layout_small_grid, serial_bayou_shore_a
Orc:1:    layout_diamond_mine, serial_shops
Orc:2:    pf_orc_diabolical, layout_caves, uniq_rupert

Skill      XL: |  1  2  3  4  5  6  7  8  9 10 11 12 13 14 |
---------------+-------------------------------------------+-----
Fighting       | 1 2 3 5 6 7 8 |  8.5
Shapeshifting  | 4 6 7 8 9 10 11 12 13 14 15 | 15.1
Dodging        | 3 4 5 6 7 8 |  8.4
Throwing       | 2 4 5 6 7 8 9 |  9.2
Unarmed Combat | 4 5 6 7 8 9 10 | 10.3
Invocations    | 1 4 5 6 |  6.4

Action                     |  1- 3 |  4- 6 |  7- 9 | 10-12 | 13-15 || total
---------------------------+-------+-------+-------+-------+-------++-------
  Melee: Unarmed           |    98 |   111 |   242 |   432 |   394 ||  1277
         Punch             |     4 |     1 |       |       |       ||     5
         Constrict         |       |       |    34 |    84 |    90 ||   208
  Throw: Dart              |       |     5 |     3 |       |       ||     8
 Invoke: Elemental Force   |       |       |       |       |     3 ||     3
         Upheaval          |       |       |       |       |     4 ||     4
Ability: Begin Untransform |       |       |     1 |     1 |       ||     2
  Evoke: Wand              |       |       |     4 |    10 |     5 ||    19
         Sack of spiders   |       |       |       |     3 |       ||     3
    Use: Scroll            |     6 |       |     8 |    13 |    11 ||    38
         Potion            |       |     1 |     6 |     3 |     8 ||    18
   Stab: Sleeping          |       |     1 |       |       |       ||     1
         Paralysed         |       |       |     6 |       |       ||     6
         Invisible         |       |       |       |       |     5 ||     5
 Armour: Animal skin       |    97 |    87 |    17 |       |       ||   201
         Skin              |       |       |   185 |   422 |   335 ||   942
  Dodge: Dodged            |    66 |    52 |   127 |   189 |   161 ||   595
         Repelled          |       |       |       |       |     4 ||     4
  Block: Other             |       |       |     1 |   131 |   189 ||   321
         Reflection        |       |       |       |     4 |    28 ||    32
   Form: Serpent           |       |       |     2 |     1 |       ||     3

Table legend: (Time is in decaauts)
 A = Elapsed time spent in this place.
 B = Non-inter-level travel time spent in this place.
 C = Inter-level travel time spent in this place.
 D = Time resting spent in this place.
 E = Time spent auto-exploring this place.
 F = Levels seen in this place.
 G = Mean time per level.
                   A        B        C        D        E       F      G
               +--------+--------+--------+--------+--------+-----+--------+
         Total |  18568 |  17876 |    692 |   3532 |   9263 |  20 |  928.4 |
       Dungeon |  15601 |  14961 |    640 |   2492 |   8813 |  15 | 1040.1 |
        Temple |     28 |     28 |      0 |      0 |      0 |   1 |   28.0 |
          Lair |    242 |    242 |      0 |    209 |      0 |   1 |  242.0 |
  Orcish Mines |   2625 |   2573 |     52 |    830 |    450 |   2 | 1312.5 |
        Bazaar |     70 |     70 |      0 |      0 |      0 |   1 |   70.0 |
               +--------+--------+--------+--------+--------+-----+--------+

Top non-repeatable levels by time:
   Orc:2: 1644 daAuts
    D:13: 1642 daAuts
    D:14: 1640 daAuts
     D:8: 1326 daAuts
     D:4: 1282 daAuts
     D:9: 1155 daAuts
    D:11: 1105 daAuts
     D:3: 1008 daAuts
     D:6: 990 daAuts
   Orc:1: 981 daAuts
    D:12: 945 daAuts
    D:10: 924 daAuts
     D:5: 809 daAuts
     D:1: 774 daAuts
     D:2: 732 daAuts
